 Dungeon Crawl Stone Soup version 0.29.0-10-g45618ea6d2 (webtiles) character file.

Game seed: 4668863436954199252

62 funkygono the Firebug (level 4, 0/24 HPs)
             Began as a Gargoyle Fire Elementalist on Sept 1, 2022.
             Constricted to death by Natasha (1 damage)
             ... on level 2 of the Dungeon.
             The game lasted 00:02:08 (1515 turns).

funkygono the Firebug (Gargoyle Fire Elementalist)  Turns: 1515, Time: 00:02:08

Health: 0/24       AC:  7    Str: 11    XL:     4   Next: 8%
Magic:  2/7        EV:  9    Int: 18    God:
Gold:   80         SH:  0    Dex: 10    Spells: 1/7 levels left

rFire   + . .      SeeInvis .   l - +0 whip
rCold   . . .      Faith    .   (no shield)
rNeg    + . .      Spirit   .   a - +0 robe
rPois   ∞          Reflect  .   (no helmet)
rElec   +          Harm     .   (no cloak)
rCorr   .          Rampage  .   h - +1 pair of gloves
Will    .....                   (no boots)
Stlth   ++........              (no amulet)
HPRegen 0.08/turn               k - ring of protection from fire
MPRegen 0.10/turn               (no ring)

@: grasped by roots, slowed, constricted, very slow
A: sickness immunity, AC +3, negative energy resistance 1, electricity
resistance, torment resistance 1, petrification resistance
a: no special abilities


You were on level 2 of the Dungeon.
You visited 1 branch of the dungeon, and saw 2 of its levels.

You collected 80 gold pieces.

Inventory:

Hand Weapons
 c - a +0 mace
 l - a +0 whip (weapon)
Armour
 a - a +0 robe (worn)
 e - a +0 buckler
 h - a +1 pair of gloves (worn)
Jewellery
 k - a ring of protection from fire (left hand)
Scrolls
 d - a scroll of magic mapping {unknown}
Potions
 b - a potion of magic
 j - a potion of might


   Skills:
 + Level 0.4 Maces & Flails
 + Level 2.1 Dodging
 + Level 2.2 Stealth
 + Level 2.3 Spellcasting
 + Level 1.7 Conjurations
 + Level 3.8 Fire Magic


You had one spell level left.
You knew the following spells:

 Your Spells              Type           Power      Damage    Failure   Level
a - Foxfire               Conj/Fire      48%        2x1d6     5%          1
b - Scorch                Fire           32%        2d7       5%          2
c - Conjure Flame         Conj/Fire      12%        6-21      17%         3

Your spell library contained the following spells:

 Spells                   Type           Power      Damage    Failure   Level
 Inner Flame              Hex/Fire       9%         N/A       24%         3
 Flame Wave               Conj/Fire      12%        2d6       50%         4


Dungeon Overview and Level Annotations

Branches:
Dungeon (2/15)

Altars:

Annotations:
D:2 Natasha


Innate Abilities, Weirdness & Mutations

You are immune to sickness and miasma.
Your stone body is resilient. (AC +3)
You are immune to poison.
You resist negative energy. (rN+)
You are resistant to electric shocks. (rElec)
You are resistant to unholy torment.
You are immune to petrification.


Message History

Casting: Foxfire (safe; 5% risk of failure)
Confirm with . or Enter, or press ? or * to list all spells.
You conjure some foxfire!
Natasha mumbles some strange words.
The grasping roots constrict you!
Casting: Foxfire (safe; 5% risk of failure)
Confirm with . or Enter, or press ? or * to list all spells.
You conjure some foxfire!
The foxfire hits Natasha but does no damage.
The grasping roots constrict you.
A quokka comes into view.
The foxfire hits Natasha.
Natasha is lightly wounded.
The grasping roots release their grip on you.
Casting: Foxfire (safe; 5% risk of failure)
Confirm with . or Enter, or press ? or * to list all spells.
You conjure some foxfire!
Natasha zaps a wand.
The roots erupt in riotous growth!
The grasping roots grab you!
Your foxfire is unaffected. x4
The grasping roots constrict you.
* * * LOW HITPOINT WARNING * * *
You escape the roots grasp.
The shadow imp attacks as you move away!
The shadow imp misses you.
The foxfire hits the shadow imp but does no damage.
The foxfire hits the shadow imp.
The shadow imp is moderately wounded.
The foxfire hits the shadow imp.
You kill the shadow imp!
The shadow imp disappears in a puff of smoke!
Natasha casts a spell at you.
You feel yourself slow down.
The foxfire hits the quokka.
The quokka is severely wounded.
Natasha zaps a wand.
The roots erupt in riotous growth!
The grasping roots grab you! The grasping roots constrict you.
* * * LOW HITPOINT WARNING * * *
The grasping roots constrict you.
You die...

#..# ###.##.#
##.# #.##.#
#.# #.##.#
#.# #.##.#
#.# #.##.#
#.# ..##.#
#.# ####.# #
#.# #.#
###.###@####
#....r.§§..#
.......§§##.#
.....###.# #
##.# ... #
..h.. .......
........#
#........#


You could see Natasha and a quokka.

Vanquished Creatures
  Natasha (D:2)
  An adder (D:2)
  A dart slug (D:2)
  3 ball pythons
  3 bats (D:1)
  An endoplasm (D:1)
  4 goblins (D:1)
  2 hobgoblins (D:1)
  3 frilled lizards
  5 kobolds
  2 rats (D:1)
26 creatures vanquished.

Vanquished Creatures (others)
  64 foxfires
64 creatures vanquished.

Grand Total: 90 creatures vanquished

Notes
Turn   | Place    | Note
-------+----------+-------------------------------------------
     0 | D:1      | funkygono the Gargoyle Fire Elementalist began the quest
                  | for the Orb.
     0 | D:1      | Reached XP level 1. HP: 10/10 MP: 3/3
   377 | D:1      | Reached XP level 2. HP: 15/15 MP: 0/5
   380 | D:1      | Learned a level 2 spell: Scorch
   588 | D:1      | You fall into a shaft and drop 1 floor!
  1253 | D:2      | Reached XP level 3. HP: 19/19 MP: 2/6
  1260 | D:2      | Learned a level 3 spell: Conjure Flame
  1365 | D:2      | Noticed Natasha
  1373 | D:2      | Killed Natasha
  1508 | D:2      | Noticed Natasha
  1511 | D:2      | Reached XP level 4. HP: 20/24 MP: 5/7
  1515 | D:2      | HP: 1/24 [constriction (3)]
  1515 | D:2      | Constricted to death by Natasha

Illustrated notes

Levels and vault maps discovered:
D:1:      minmay_arrival_semitransparent, layout_basic
D:2:      layout_loops_ring, uniq_natasha

Skill      XL: |  1  2 |
---------------+-------+-----
Dodging        | 2 |  2.1
Maces & Flails | |  0.4
Stealth        | |  2.2
Spellcasting   | |  2.3
Conjurations   | |  1.7
Fire Magic     | |  3.8

Action                   |  1- 3 |  4- 6 || total
-------------------------+-------+-------++-------
Melee: Club              |    18 |       ||    18
       Punch             |     1 |       ||     1
       Whip              |     9 |       ||     9
 Cast: Foxfire           |    37 |     3 ||    40
       Scorch            |     1 |       ||     1
  Use: Scroll            |     5 |       ||     5
Armor: Robe              |    18 |       ||    18
Dodge: Dodged            |    22 |     1 ||    23
